 Dungeon Crawl Stone Soup version 0.29-a0-322-g68df515428 (webtiles) character file.

Game seed: 12382585413729724905

9 buzzbuzz the Cutter (level 2, 0/24 HPs)
             Began as a Human Berserker on Apr 6, 2022.
             Was a Follower of Trog.
             Slain by a hobgoblin (1 damage)
             ... on level 1 of the Dungeon.
             The game lasted 00:01:58 (137 turns).

buzzbuzz the Cutter (Human Berserker)                Turns: 137, Time: 00:01:59

Health: 0/24       AC:  2    Str: 17    XL:     2   Next: 25%
Magic:  2/2        EV: 12    Int:  7    God:    Trog [*.....]
Gold:   11         SH:  0    Dex: 12    Spells: 1/1 levels left

rFire   . . .      SeeInvis .   c - +0 whip (holy)
rCold   . . .      Faith    .   (no shield)
rNeg    . . .      Spirit   .   b - +0 animal skin
rPois   .          Reflect  .   (no helmet)
rElec   .          Harm     .   (no cloak)
rCorr   .          Rampage  .   (no gloves)
Will    .....                   (no boots)
Stlth   +.........              (no amulet)
HPRegen 0.08/turn               (no ring)
MPRegen 0.08/turn               (no ring)

@: no status effects
A: no striking features
a: Renounce Religion, Berserk


You were on level 1 of the Dungeon.
You worshipped Trog.
Trog was aware of your devotion.
You visited 1 branch of the dungeon, and saw 1 of its levels.

You collected 11 gold pieces.

Inventory:

Hand Weapons
 a - a +0 short sword
 c - a +0 whip of holy wrath (weapon)
 f - a +0 hunting sling
Missiles
 d - 5 stones (quivered)
Armour
 b - a +0 animal skin (worn)
Scrolls
 e - 3 scrolls of acquirement {unknown}


   Skills:
 + Level 3.2 Fighting
 + Level 3.2 Short Blades
 + Level 2.2 Armour
 + Level 2.0 Dodging


You had one spell level left.
You didn't know any spells.
Your spell library was empty.

Dungeon Overview and Level Annotations

Branches:
Dungeon (1/15)

Altars:


Message History

You hear a shout!
The ball python barely misses you. The ball python misses you.
The ball python misses you. The ball python barely misses you.
The hobgoblin hits you but does no damage.
The ball python closely misses you. The ball python barely misses you.
You see here a giant cockroach corpse.
The ball python attacks as you move away!
The ball python closely misses you. The ball python completely misses you.
The hobgoblin hits you.
You closely miss the hobgoblin. The hobgoblin misses you.
A hobgoblin comes into view. It is wielding a +0 dagger.
The ball python bites you but does no damage.
The ball python barely misses you.
You closely miss the hobgoblin. The hobgoblin hits you.
The ball python misses you. The ball python grabs you.
The ball python constricts you.
You hit the hobgoblin.
The hobgoblin is moderately wounded.
The ball python bites you. The ball python constricts you.
A kobold comes into view. It is wielding a +0 long sword.
The hobgoblin hits you.
* * * LOW HITPOINT WARNING * * *
The endoplasm splashes around in the water.
The ball python bites you.
* * * LOW HITPOINT WARNING * * *
The ball python constricts you.
* * * LOW HITPOINT WARNING * * *
Unknown command.
You escape the ball python's grasp.
The ball python attacks as you move away!
The ball python bites you.
* * * LOW HITPOINT WARNING * * *
The hobgoblin hits you.
* * * LOW HITPOINT WARNING * * *
The ball python bites you.
* * * LOW HITPOINT WARNING * * *
The ball python grabs you. The ball python constricts you.
You escape the ball python's grasp.
The hobgoblin attacks as you move away! The hobgoblin hits you.
You die...

# #.##.# ......
### #.##.# ......
..## #.##.#
###...K..
#..#####.##.#
##.......#
##.......##.#
#..≈$g.#..
#######..#.#
#[K≈_≈.... ##.#.#
#.J$≈≈.#..
#...####Sg....#
#.#...##@##...#
##.#......##...#
#................
#.....######...##.
#.....#### ..#
#...†....# .#
#.....##.# #
#.....# # #.....#


You could see an endoplasm, 2 hobgoblins, a ball python and 2 kobolds.

Vanquished Creatures
  A dart slug (D:1)
  2 bats (D:1)
  A giant cockroach (D:1)
  A hobgoblin (D:1)
  A kobold (D:1)
  A frilled lizard (D:1)
7 creatures vanquished.

Notes
Turn   | Place    | Note
-------+----------+-------------------------------------------
     0 | D:1      | buzzbuzz the Human Berserker began the quest for the Orb.
     0 | D:1      | Reached XP level 1. HP: 18/18 MP: 1/1
    57 | D:1      | Reached XP level 2. HP: 16/24 MP: 2/2
    92 | D:1      | Found a faded altar of an unknown god.
   136 | D:1      | HP: 1/24 [ball python (1)]
   137 | D:1      | Slain by a hobgoblin

Illustrated notes

Levels and vault maps discovered:
D:1:      lightli_molten_gateway, layout_rooms,
          hellmonk_ecumenical_altar_pennies_from_heaven, minmay_pentomino_x4

Action                   || total
-------------------------++-------
Melee: Short sword       ||    11
       Whip              ||    11
Armor: Animal skin       ||    12
Dodge: Dodged            ||    44

Table legend: (Time is in decaauts)
 A = Elapsed time spent in this place.
 B = Non-inter-level travel time spent in this place.
 C = Inter-level travel time spent in this place.
 D = Time resting spent in this place.
 E = Time spent auto-exploring this place.
 F = Levels seen in this place.
 G = Mean time per level.
                   A        B        C        D        E       F      G
               +--------+--------+--------+--------+--------+-----+--------+
         Total |    136 |    113 |     23 |      0 |      0 |   1 |  136.0 |
       Dungeon |    136 |    113 |     23 |      0 |      0 |   1 |  136.0 |
               +--------+--------+--------+--------+--------+-----+--------+

Top non-repeatable levels by time:
     D:1: 136 daAuts
